 Dungeon Crawl Stone Soup version 0.25-a0-663-gace7076f2c (webtiles) character file.

Game seed: 4000411597759158716, levelgen mode: deterministic

3564 kae the Martial Artist (level 9, -9/64 HPs)
             Began as a Red Draconian Transmuter on Mar 25, 2020.
             Was a Follower of Wu Jian.
             Killed by divine providence
             ... invoked by an orc priest
              (14 damage)
             ... on level 8 of the Dungeon.
             The game lasted 00:10:59 (10298 turns).

kae the Martial Artist (Red Draconian Transmuter)  Turns: 10298, Time: 00:10:59

Health: -9/64      AC:  7    Str: 12    XL:     9   Next: 84%
Magic:  19/19      EV: 12    Int: 16    God:    Wu Jian [*.....]
Gold:   1002       SH:  0    Dex: 13    Spells: 10/21 levels left

rFire    + . .     SeeInvis .     - Unarmed
rCold    . . .     Gourm    .   (no shield)
rNeg     . . .     Faith    .   (armour unavailable)
rPois    .         Spirit   .   m - +0 hat
rElec    .         Reflect  .   j - scarf {cloud immunity}
rCorr    .         Harm     .   (no gloves)
MR       .....                  (no boots)
Stlth    +.........             (no amulet)
HPRegen  0.20/turn              (no ring)
MPRegen  0.16/turn              (no ring)

@: about to teleport
A: breathe fire, unfitting armour, fire resistance 1, cold-blooded, AC +7
a: Breathe Fire, Renounce Religion


You were on level 8 of the Dungeon.
You worshipped Wu Jian.
Wu Jian was aware of your devotion.
You were hungry.

You visited 2 branches of the dungeon, and saw 9 of its levels.

You collected 1065 gold pieces.
You spent 63 gold pieces at shops.

Inventory:

Missiles
 a - 140 arrows
Armour
 j - a scarf of cloud immunity (worn)
 m - a +0 hat (worn)
Jewellery
 e - an uncursed ring of wizardry {unknown}
 w - a cursed ring of attention
Wands
 q - a wand of scattershot (4)
 r - a wand of paralysis (2)
Scrolls
 h - a scroll of magic mapping
 l - 4 scrolls of fog
 o - 3 scrolls of remove curse
 t - 3 scrolls of teleportation
 v - a scroll of amnesia
Potions
 b - a potion of mutation
 d - a potion of invisibility
 i - 2 potions of heal wounds {unknown}
 k - 2 potions of magic {unknown}
 n - a potion of haste
 p - 3 potions of lignification {unknown}
 u - a potion of cancellation {unknown}
Comestibles
 c - 6 rations


   Skills:
 - Level 1.1 Fighting
 - Level 1.7 Dodging
 * Level 10.4 Unarmed Combat
 + Level 6.7 Spellcasting
 + Level 7.3 Transmutations


You had 10 spell levels left.
You knew the following spells:

 Your Spells              Type           Power        Failure   Level  Hunger
a - Beastly Appendage     Tmut           ####..       1%          1    None
b - Sticks to Snakes      Tmut           ####....     1%          2    None
c - Spider Form           Tmut/Pois      ###.......   9%          3    ##.....
d - Blade Hands           Tmut           ####......   17%         5    #####..

Your spell library contained the following spells:

 Spells                   Type           Power        Failure   Level  Hunger
 Corona                   Hex            #......      13%         1    None
 Magic Dart               Conj           #...         13%         1    None
 Blink                    Tloc           N/A          19%         2    None
 Call Imp                 Summ           #.......     19%         2    None
 Slow                     Hex            #.......     19%         2    None
 Ice Form                 Ice/Tmut       ###.....     28%         4    ####...
 Conjure Flame            Conj/Fire      #.......     36%         3    ##.....
 Inner Flame              Hex/Fire       #.......     36%         3    ##.....
 Mephitic Cloud           Conj/Pois/Air  #.......     36%         3    ##.....
 Portal Projectile        Hex/Tloc       #.....       36%         3    ##.....
 Cause Fear               Hex            #.........   77%         4    ####...
 Leda's Liquefaction      Hex/Erth       #.........   77%         4    ####...


Dungeon Overview and Level Annotations

Branches:
Dungeon (8/15)             Temple (1/1) D:7
   Lair: D:8-11

Altars:
Ashenzari
Cheibriados
Dithmenos
Elyvilon
Fedhas
Gozag
Hepliaklqana
Kikubaaqudgha
Makhleb
Nemelex Xobeh
Okawaru
Qazlal
Ru
Sif Muna
Uskayaw
Vehumet
Wu Jian
Xom
Yredelemnul
Zin

Shops:
D:8 =


Innate Abilities, Weirdness & Mutations

You can breathe blasts of fire.
Your fiery red scales are hard. (AC +7)
You cannot fit into any form of body armour.
Your flesh is heat resistant. (rF+)
You are cold-blooded and may be slowed by cold attacks.


Message History

* * * LOW HITPOINT WARNING * * *
Okay, then.
You feel better. The orc warrior barely misses you.
The orc priest looks encouraged for a moment.
Your transformation has ended.
Your scarf of cloud immunity unmelds from your body.
Your +0 hat unmelds from your body.
You feel immune to the effects of clouds.
The orc warrior closely misses you.
Press: ? - help, Shift-Dir - straight line You fail to use your ability.
The orc warrior hits you with a +0 dire flail!!
* * * LOW HITPOINT WARNING * * *
As you read the scroll of teleportation, it crumbles to dust.
You feel strangely unstable. The orc warrior barely misses you.
The orc wizard gestures wildly while chanting.
The orc wizard seems to speed up.
The orc priest mumbles some strange prayers to Beogh against you.
Beogh smites you!
You die...

#...# ##..# #..# #
#..# # #.># # ##.# #
#######.# #
#.......#########.##
#.#........@)oooo...
#.#############.##
###### #.#
..<..#.#)####..
####+#.#...##.#
.......#<#.##.#
.......#.#.##.#
.......#.#.##.#
.......#.#.##.#


You could see 2 orc warriors, an orc priest and an orc wizard.

Vanquished Creatures
  Pikel (D:5)
  Prince Ribbit (D:7)
  A hungry ghost (D:8)
  6 yaks (D:8)
  Menkaure (D:7)
  A water moccasin (D:8)
  A sky beast (D:6)
  2 ice beasts
  A phantom (D:6)
  4 slaves (D:5)
  2 centaurs
  A big kobold (D:7)
  2 bullfrogs (D:6)
  3 crimson imps
  A jelly (D:8)
  A bullfrog skeleton (D:7)
  4 orc priests
  2 hounds
  2 orc wizards (D:6)
  Ijyb (D:5)
  An iguana (D:7)
  7 worker ants
  A killer bee zombie (D:4)
  A howler monkey skeleton (D:5)
  8 gnolls (D:3)
  9 adders
  3 shadow imps
  3 oozes
  An adder skeleton (D:6)
  An adder zombie (D:8)
  2 worms
  A dart slug (D:4)
  3 leopard geckos
  21 orcs
  7 bats
  10 giant cockroaches
  5 goblins
  8 hobgoblins
  2 jackals (D:3)
  3 quokkas
  4 frilled lizards
  8 kobolds
  2 quokka skeletons
  5 rats
154 creatures vanquished.

Vanquished Creatures (collateral kills)
  2 adders
  A kobold (D:2)
3 creatures vanquished.

Grand Total: 157 creatures vanquished

Notes
Turn   | Place    | Note
-------+----------+-------------------------------------------
     0 | D:1      | kae the Draconian Transmuter began the quest for the Orb.
     0 | D:1      | Reached XP level 1. HP: 16/16 MP: 3/3
   412 | D:1      | Reached XP level 2. HP: 15/23 MP: 3/5
   528 | D:1      | Learned a level 2 spell: Sticks to Snakes
  1340 | D:2      | Reached XP level 3. HP: 18/28 MP: 6/6
  1690 | D:2      | Reached skill level 4 in Unarmed Combat
  1791 | D:2      | Learned a level 3 spell: Spider Form
  1831 | D:2      | Reached XP level 4. HP: 35/35 MP: 4/7
  1874 | D:2      | Found a burning altar of Makhleb.
  2469 | D:3      | Reached XP level 5. HP: 31/40 MP: 9/9
  2791 | D:3      | Reached skill level 5 in Unarmed Combat
  3099 | D:3      | Found a shattered altar of Ashenzari.
  3390 | D:3      | Found a shimmering altar of Xom.
  3539 | D:4      | Found a blossoming altar of Fedhas.
  3642 | D:4      | Found a hazy altar of Hepliaklqana.
  4144 | D:4      | Found an ornate altar of the Wu Jian Council.
  4156 | D:4      | Became a worshipper of the Wu Jian Council
  4164 | D:4      | Reached XP level 6. HP: 41/47 MP: 3/11
  4357 | D:5      | Entered Level 5 of the Dungeon
  4509 | D:5      | Noticed Ijyb
  4521 | D:5      | Killed Ijyb
  5021 | D:5      | Noticed a slave
  5021 | D:5      | Noticed a slave
  5023 | D:5      | Noticed a slave
  5032 | D:5      | Killed a slave
  5036 | D:5      | Noticed Pikel
  5039 | D:5      | Killed a slave
  5041 | D:5      | Noticed a slave
  5453 | D:5      | Identified a scroll of acquirement
  5592 | D:5      | Killed a slave
  5604 | D:5      | Killed a slave
  5805 | D:5      | Killed Pikel
  5805 | D:5      | Reached skill level 7 in Unarmed Combat
  5805 | D:5      | Your scales start taking on a fiery red colour.
  5805 | D:5      | Reached XP level 7. HP: 24/52 MP: 6/13
  5805 | D:5      | Gained mutation: Your flesh is heat resistant. (rF+) [Red
                  | Draconian growth]
  6266 | D:6      | Found a shadowy altar of Dithmenos.
  6280 | D:6      | Found an ancient bone altar of Kikubaaqudgha.
  6309 | D:6      | Found an opulent altar of Gozag.
  6396 | D:6      | Reached skill level 5 in Transmutations
  6396 | D:6      | Reached XP level 8. HP: 48/59 MP: 10/14
  6463 | D:6      | Found a glowing silver altar of Zin.
  6748 | D:6      | Reached skill level 5 in Spellcasting
  6845 | D:6      | Reached skill level 8 in Unarmed Combat
  7234 | D:6      | Found a radiant altar of Vehumet.
  7669 | D:7      | Found a staircase to the Ecumenical Temple.
  7696 | Temple   | Entered the Ecumenical Temple
  7952 | D:7      | Reached * piety under Wu Jian
  7955 | D:7      | Noticed Menkaure
  7988 | D:7      | Killed Menkaure
  8146 | D:7      | Noticed Prince Ribbit
  8156 | D:7      | Killed Prince Ribbit
  8156 | D:7      | Reached skill level 9 in Unarmed Combat
  8156 | D:7      | Reached XP level 9. HP: 42/64 MP: 17/17
  9502 | D:8      | Found Wefrar's Jewellery Shop.
  9517 | D:8      | Bought a cursed ring of attention for 63 gold pieces
  9958 | D:8      | Learned a level 5 spell: Blade Hands
  9964 | D:8      | Reached skill level 10 in Unarmed Combat
 10298 | D:8      | Killed from afar by an orc priest

Levels and vault maps discovered:
D:1:      dpeg_arrival_lava_temple_mockup, layout_loops_corners,
          chequers_serial_rivers_marsh
D:2:      lemuel_upstairs_altar, layout_rooms, nicolae_overflow_crystal_walls,
          first_ration
D:3:      layout_loops_ring, tgw_xom, ashenzari_altar_1
D:4:      layout_cave_pods, nicolae_overflow_hidden_temple,
          kennysheep_mini_moat, lemuel_crystal_altar
D:5:      layout_layer_cave, uniq_ijyb, uniq_pikel
D:6:      layout_basic, kennysheep_mini, grunt_temple_overflow_open,
          vehumet_crystals, kennysheep_generic_room_12
D:7:      layout_rooms, minmay_temple_entry_hall,
          chequers_serial_rivers_large_a, uniq_menkaure, uniq_prince_ribbit1
D:8:      layout_basic, serial_shops, shop_fountains
Temple:   jpeg_temple_island

Skill      XL: |  1  2  3  4  5  6  7  8  9 |
---------------+----------------------------+-----
Unarmed Combat | 4 5 7 9 10 | 10.4
Transmutations | 3 4 5 6 7 |  7.3
Spellcasting   | 3 4 5 6 |  6.7
Fighting       | |  1.1
Dodging        | |  1.7

Action                   |  1- 3 |  4- 6 |  7- 9 || total
-------------------------+-------+-------+-------++-------
Melee: Unarmed           |   132 |   253 |   263 ||   648
       Headbutt          |     6 |     8 |     4 ||    18
       Tailslap          |     6 |    12 |    18 ||    36
       Kick              |     8 |     8 |       ||    16
       Punch             |       |     3 |     2 ||     5
 Cast: Beastly Appendage |    19 |    16 |     2 ||    37
       Sticks to Snakes  |     2 |     1 |       ||     3
       Spider Form       |       |    16 |    20 ||    36
       Blade Hands       |       |       |     1 ||     1
Invok: Lunge             |       |     3 |    21 ||    24
       Whirlwind         |       |       |    14 ||    14
 Abil: Breathe Fire      |       |       |     6 ||     6
       End Transformatio |       |       |     1 ||     1
  Use: Scroll            |     5 |    11 |     3 ||    19
       Potion            |     1 |     2 |     3 ||     6
  Eat: Chunk             |     3 |    12 |    11 ||    26
       Ration            |       |     1 |     2 ||     3
Armor: Skin              |    31 |    50 |    24 ||   105
Dodge: Dodged            |    98 |   195 |   139 ||   432

Table legend:
 A = Non-vault XP
 B = Vault XP
 C = Vault XP percentage of total XP
 D = Non-vault monster count
 E = Vault monster count
 F = Vault count percentage of total count
                 A         B        C        D         E       F
            +---------+---------+-------+---------+---------+-------
      Total |    3912 |    1180 |  23.2 |     147 |       6 |   3.9
            +---------+---------+-------+---------+---------+-------
        D:1 |      35 |       0 |   0.0 |      17 |       0 |   0.0
        D:2 |      81 |       0 |   0.0 |      19 |       0 |   0.0
        D:3 |     209 |      14 |   6.3 |      31 |       1 |   3.1
        D:4 |      73 |       0 |   0.0 |       8 |       0 |   0.0
        D:5 |     180 |     721 |  80.0 |      10 |       2 |  16.7
        D:6 |    1004 |       2 |   0.2 |      22 |       1 |   4.3
        D:7 |     444 |     443 |  49.9 |      21 |       2 |   8.7
        D:8 |    1886 |       0 |   0.0 |      19 |       0 |   0.0
            +---------+---------+-------+---------+---------+-------
